 Dungeon Crawl Stone Soup version 0.28.0 (webtiles) character file.

Game seed: 9998141191208034053

2737 SnakkuSnakku7 the Carver (level 9, -8/64 HPs)
             Began as a Barachi Abyssal Knight on Feb 8, 2022.
             Was an Elder of Lugonu.
             Mangled by Harold (18 damage)
             ... on level 8 of the Dungeon.
             The game lasted 00:14:04 (8454 turns).

SnakkuSnakku7 the Carver (Barachi Abyssal Knight)   Turns: 8454, Time: 00:14:05

Health: -8/64      AC:  8    Str: 25    XL:     9   Next: 67%
Magic:  14/14      EV: 11    Int:  8    God:    Lugonu [****..]
Gold:   334        SH:  4    Dex: 13    Spells: 8/8 levels left

rFire   . . .      SeeInvis .   a - +1 spear (venom)
rCold   + . .      Faith    .   (no shield)
rNeg    . . .      Spirit   .   x - +0 ring mail
rPois   .          Reflect  .   (no helmet)
rElec   .          Harm     .   g - +0 cloak
rCorr   .          Rampage  .   (no gloves)
Will    .....                   c - +1 pair of boots
Stlth   +.........              o - amulet of regeneration
HPRegen 1.00/turn               i - ring of protection from cold
MPRegen 0.14/turn               m - +6 ring of strength

@: marked, slow
A: amphibious, slowness 1, strong legs 1, +LOS, hooves 1, large bone plates 1,
dopey 1
a: Hop, Renounce Religion, Depart the Abyss, Bend Space, Banish, Corrupt


You were on level 8 of the Dungeon.
You worshipped Lugonu.
Lugonu was greatly pleased with you.
You visited 1 branch of the dungeon, and saw 8 of its levels.
You visited the Abyss 1 time.

You collected 503 gold pieces.
You spent 169 gold pieces at shops.

Inventory:

Hand Weapons
 a - a +1 spear of venom (weapon)
 b - a +0 great sword
 y - a +1 long sword of holy wrath
Missiles
 k - 12 poisoned darts (quivered)
 p - 2 throwing nets
 u - 7 curare-tipped darts
Armour
 c - a +1 pair of boots (worn)
 g - a +0 cloak (worn)
 l - a +0 leather armour
 x - a +0 ring mail (worn)
Jewellery
 i - a ring of protection from cold (left hand)
 m - a +6 ring of strength (right hand)
 o - an amulet of regeneration (around neck)
 v - a ring of wizardry
Wands
 C - a wand of polymorph (7)
Scrolls
 h - a scroll of enchant weapon {unknown}
 j - a scroll of silence {unknown}
 q - a scroll of teleportation
Potions
 d - a potion of lignification
 f - a potion of brilliance {unknown}
 r - 4 potions of curing
 s - a potion of mutation
 w - 4 potions of haste {unknown}
 z - a potion of resistance
 A - a potion of attraction
 E - a potion of cancellation {unknown}


   Skills:
 - Level 3.6 Fighting
 + Level 12.8 Long Blades
 - Level 2.4 Armour
 - Level 1.1 Dodging
 - Level 7.0 Invocations


You had 8 spell levels left.
You didn't know any spells.
Your spell library contained the following spells:

 Spells                   Type           Power      Damage    Failure   Level
 Animate Skeleton         Necr           0%         N/A       54%         1
 Apportation              Tloc           0%         N/A       54%         1
 Summon Small Mammal      Summ           0%         N/A       54%         1
 Corpse Rot               Necr/Air       0%         N/A       69%         2
 Dispel Undead            Necr           0%         3d6       100%        4
 Fulminant Prism          Conj/Hex       0%         3d6       100%        4
 Iskenderun's Mystic Bla  Conj/Tloc      0%         2d3       100%        4
 Lee's Rapid Deconstruct  Erth           0%         3d5*      100%        5
 Death Channel            Necr           0%         N/A       100%        6


Dungeon Overview and Level Annotations

Branches:
Dungeon (8/15)             Temple (0/1) D:6
   Lair: D:8-11

Altars:
Sif Muna
Beogh

Shops:
D:1 (

Annotations:
D:3 1 runed translucent door, ragingrage's ghost, amateur MiBe
D:8 Harold


Innate Abilities, Weirdness & Mutations

You are amphibious.
You cover ground slowly.
You can hop short distances.
You have an extended range of vision and can be seen from far away.
You have large cloven feet.
You are partially covered in large bone plates. (SH +4)
You are dopey. (Int -2)


Message History

Harold says, "I was hoping my final job would be more of a challenge, but money is money."
Harold is nearby!
Harold is nearby!
Unknown command.
Harold zaps a wand.
The mass of ice explodes!
The iceblast engulfs you! You partially resist.
Harold throws a throwing net.
The throwing net hits you.
You become entangled in the net!
You see here a throwing net.
You struggle against the net.
Harold asks, "Do you mind if I name my boat the 'SnakkuSnakku7'?
Your head will be paying for it, after all."
You struggle against the net.
You struggle against the net.
Harold hits you with a +0 war axe.
You shred the net and break free! Harold hits you but does no damage.
You hit Harold but do no damage.
Harold is poisoned.
Harold hits you with a +0 war axe!
You hit Harold.
Harold is lightly wounded.
Harold hits you with a +0 war axe!
You closely miss Harold.
Harold is lightly wounded.
Harold hits you with a +0 war axe!
You are too injured to fight recklessly!
You are too injured to fight recklessly!
You hit Harold.
Harold looks as sick as possible!
Harold is lightly wounded.
Harold hits you with a +0 war axe!!
* * * LOW HITPOINT WARNING * * *
Harold misses you.
You barely miss Harold.
Harold is lightly wounded.
Harold closely misses you.
It was a potion of curing.
You feel better. Harold gestures at you while chanting.
A sentinel's mark forms upon you.
It was a potion of mutation.
You feel extremely strange.
Large bone plates grow over parts of your arms.
Your feet thicken and deform.
You feel stupid. Harold hits you with a +0 war axe!!
You die...

.... ..#.......#...
#..# ..#.......#...
#..####'#.......#...
#.......#..<....#...
#.......#.......#...
#.......#......))...
#.......#.......#.).
#.......#.......#...
#..@....'.......#...
#.@######.......#...
#..# #.......#...
..... #.......#...
...... #.......####
.........
#...........
..........
########....
........... #....
........... #....


You could see Harold (very poisoned).

Vanquished Creatures
  2 water moccasins
  3 sky beasts
  An orc warrior (D:6)
  2 ice beasts (D:5)
  A necrophage (D:4)
  4 ogres
  2 phantoms
  A kobold brigand (D:5)
  A wyvern zombie (D:6)
  3 scorpions
  A water moccasin skeleton (D:6)
  6 orc priests
  4 hounds
  2 bullfrog skeletons (D:6)
  A gnoll shaman (D:5)
  2 iguanas
  10 orc wizards
  A killer bee zombie (D:6)
  A howler monkey zombie (D:7)
  14 gnolls
  6 adders
  2 shadow imps
  3 worms
  A dart slug (D:3)
  32 orcs
  13 endoplasms
  4 giant cockroaches
  5 goblins
  4 hobgoblins
  2 jackals (D:3)
  4 quokkas
  8 ball pythons
  4 bats
  5 frilled lizards
  9 kobolds
  6 rats
170 creatures vanquished.

Notes
Turn   | Place    | Note
-------+----------+-------------------------------------------
     0 | Abyss:1  | SnakkuSnakku7 the Barachi Abyssal Knight began the quest
                  | for the Orb.
     0 | Abyss:1  | Reached XP level 1. HP: 18/18 MP: 2/2
     9 | D:1      | Escaped the Abyss
   148 | D:1      | Reached * piety under Lugonu
   149 | D:1      | Reached XP level 2. HP: 12/24 MP: 3/3
   302 | D:1      | Found a faded altar of an unknown god.
   571 | D:1      | Reached skill level 3 in Long Blades
   675 | D:1      | Found Jetengin's Antique Weapon Shoppe.
  1280 | D:1      | Reached XP level 3. HP: 27/29 MP: 4/4
  1772 | D:2      | Reached skill level 4 in Long Blades
  1772 | D:2      | Reached XP level 4. HP: 21/36 MP: 6/6
  3111 | D:3      | Reached XP level 5. HP: 41/41 MP: 7/7
  3134 | D:3      | Noticed ragingrage's ghost (amateur MiBe)
  3137 | D:3      | Found a runed translucent door.
  3396 | D:3      | Reached ** piety under Lugonu
  3496 | D:1      | Bought a glowing long sword for 169 gold pieces
  3612 | D:3      | Reached skill level 5 in Long Blades
  3821 | D:2      | Reached XP level 6. HP: 38/47 MP: 7/9
  4115 | D:3      | Reached skill level 6 in Long Blades
  4435 | D:4      | Reached XP level 7. HP: 47/52 MP: 10/10
  4578 | D:4      | Reached skill level 5 in Invocations
  5032 | D:4      | Reached skill level 7 in Long Blades
  5127 | D:4      | Reached *** piety under Lugonu
  5348 | D:4      | Found a shimmering blue altar of Sif Muna.
  5402 | D:5      | Entered Level 5 of the Dungeon
  5444 | D:4      | Reached XP level 8. HP: 33/59 MP: 12/12
  5601 | D:5      | Reached skill level 8 in Long Blades
  5718 | D:5      | Reached skill level 9 in Long Blades
  6068 | D:5      | Reached skill level 10 in Long Blades
  6081 | D:5      | Reached XP level 9. HP: 21/64 MP: 14/14
  6428 | D:6      | Reached skill level 11 in Long Blades
  6669 | D:6      | Reached **** piety under Lugonu
  6880 | D:6      | Reached skill level 12 in Long Blades
  7333 | D:6      | Found a staircase to the Ecumenical Temple.
  8440 | D:8      | Noticed Harold
  8451 | D:8      | HP: 2/64 [Harold (21)]
  8454 | D:8      | Gained mutation: You are partially covered in large bone
                  | plates. (SH +4) [potion of mutation]
  8454 | D:8      | Gained mutation: You have large cloven feet. [potion of
                  | mutation]
  8454 | D:8      | Gained mutation: You are dopey. (Int -2) [potion of
                  | mutation]
  8454 | D:8      | Mangled by Harold

Illustrated notes

Levels and vault maps discovered:
D:1:      evilmike_arrival_fibonacci_small, layout_basic,
          shapermc_ecumenical_altar_mp_highgroup, serial_shops,
          nicolae_diamond_shop
D:2:      layout_loops_cross
D:3:      layout_rooms, hellmonk_ghost_happy_afterlife
D:4:      layout_gridville, lemuel_coloured_pillars_altar, kennysheep_orc_chapel
D:5:      layout_cave_pools
D:6:      wad_crossroads, layout_basic, minmay_temple_entry_overgrown
D:7:      layout_basic, st_stairs_8
D:8:      layout_gridville, nicolae_inconvenience_store,
          kb_lookout_dungeons_type, uniq_harold, uniq_maggie

Skill      XL: |  1  2  3  4  5  6  7  8  9 |
---------------+----------------------------+-----
Invocations    | 2 3 4 5 7 |  7.0
Long Blades    | 3 4 5 6 7 10 12 | 12.8
Fighting       | |  3.6
Armour         | |  2.4
Dodging        | |  1.1

Action                   |  1- 3 |  4- 6 |  7- 9 || total
-------------------------+-------+-------+-------++-------
Melee: Falchion          |   133 |    24 |       ||   157
       Punch             |     4 |     2 |     8 ||    14
       Spear             |       |   118 |   416 ||   534
       Long sword        |       |       |    26 ||    26
       Great sword       |       |       |     5 ||     5
Throw: Dart              |       |     4 |     1 ||     5
Invok: Depart the Abyss  |     1 |       |       ||     1
       Bend Space        |       |       |     2 ||     2
 Abil: Hop               |       |     4 |     4 ||     8
  Use: Scroll            |       |       |    11 ||    11
       Potion            |       |       |     2 ||     2
 Stab: Sleeping          |     1 |     1 |       ||     2
Armor: Leather armour    |    51 |    26 |     2 ||    79
       Ring mail         |       |       |   173 ||   173
Dodge: Dodged            |   104 |    65 |   254 ||   423
Block: Other             |     8 |    29 |    17 ||    54
       Reflection        |     1 |     1 |     1 ||     3
